[Event "Titled Tuesday Blitz August 16 Early 2022"]
[White "Zou, Chen"]
[Black "Yurovskykh, Oleksandr"]
[WhiteFideId "8610959"]
[BlackFideId "14134020"]
[WhiteElo "2276"]
[BlackElo "2292"]
[Result "0-1"]
[Round "10"]
[TimeControl "180+1"]
[Date "2022.08.16"]
[WhiteClock "0:00:02"]
[BlackClock "0:00:23"]

1. e4 d5 2. exd5 Qxd5 3. Nc3 Qd8 4. d4 Nf6 5. Nf3 Bg4 6. Be2 e6 7. O-O c6 8. h3 Bh5 9. Re1 Nbd7 10. Bf4 Be7 11. a4 a5 12. Qd2 O-O 13. Rad1 Bb4 14. Bg5 h6 15. Bh4 Qc7 16. g4 Bg6 17. Bd3 Bxd3 18. Qxd3 Nd5 19. Bg3 Bd6 20. Nxd5 exd5 21. Bxd6 Qxd6 22. c3 Rfe8 23. Re3 Rxe3 24. Qxe3 Nf6 25. Nh4 Re8 26. Nf5 Qb8 27. Qf3 Qd8 28. Kg2 Kh7 29. Qf4 Re4 30. Qd6 Qxd6 31. Nxd6 Re7 32. b4 axb4 33. cxb4 Ne8 34. Nxe8 Rxe8 35. Kf3 Re4 36. a5 Kg6 37. Rd3 Kf6 38. h4 g6 39. Rd2 h5 40. g5+ Kf5 41. Rd1 Rxh4 42. Rd2 Rf4+ 43. Ke3 Re4+ 44. Kd3 Kxg5 45. Rc2 Rf4 46. Ke3 Kg4 47. a6 Rf3+ 48. Ke2 bxa6 49. Rxc6 Rb3 50. Rb6 g5 0-1


[Site "https://www.chess.com"]

[Event "Titled Tuesday Blitz August 16 Early 2022"]
[White "Adewumi, Tanitoluwa"]
[Black "Vachylia, Andrii"]
[WhiteFideId "30966396"]
[BlackFideId "14137224"]
[WhiteElo "2567"]
[BlackElo "2318"]
[Result "0-1"]
[Round "11"]
[TimeControl "180+1"]
[Date "2022.08.16"]
[WhiteClock "0:00:03"]
[BlackClock "0:00:46"]

1. e4 c5 2. Nf3 d6 3. Bb5+ Nd7 4. c3 a6 5. Bd3 Ngf6 6. Bc2 g6 7. d4 cxd4 8. cxd4 Bg7 9. O-O e5 10. dxe5 dxe5 11. Qd6 Qe7 12. Qxe7+ Kxe7 13. Nc3 h6 14. h3 b5 15. a4 b4 16. Nb1 Bb7 17. Nbd2 Rac8 18. Bb1 Rhd8 19. b3 Nc5 20. Re1 Nh5 21. Bb2 Nf4 22. Re3 Ncd3 23. Bxd3 Nxd3 24. Nc4 Rxc4 25. bxc4 Nxb2 26. Rb3 Nd3 27. Rd1 Bxe4 28. Nd2 Bf5 29. g4 Be6 30. Ne4 Bxc4 31. Rbb1 a5 32. Nd2 Be6 33. Ne4 f5 34. gxf5 gxf5 35. Ng3 e4 36. Nh5 Bd4 37. Rd2 Bc3 38. Re2 b3 39. Ng3 b2 40. f3 exf3 41. Rc2 Bd4+ 42. Kf1 Rg8 43. Ne2 fxe2+ 44. Kxe2 Nb4 45. Rc7+ Kd6 46. Rb7 Rg2+ 47. Kf1 Rg1+ 48. Ke2 0-1


[Site "https://www.chess.com"]

[Event "Titled Tuesday Blitz August 16 Early 2022"]
[White "Agasarov, Benik"]
[Black "Leiva, Gianmarco"]
[WhiteFideId "13314823"]
[BlackFideId "3804399"]
[WhiteElo "2152"]
[BlackElo "2323"]
[Result "1/2-1/2"]
[Round "11"]
[TimeControl "180+1"]
[Date "2022.08.16"]
[WhiteClock "0:00:24"]
[BlackClock "0:00:06"]

1. d4 Nf6 2. Nf3 d5 3. c4 e6 4. Nc3 a6 5. cxd5 exd5 6. Bg5 Be6 7. Qb3 Ra7 8. e3 c6 9. Bxf6 gxf6 10. Be2 Bd6 11. h3 Nd7 12. Rc1 Rg8 13. Kf1 Qc7 14. Ne1 f5 15. Nd3 f4 16. exf4 Bxf4 17. Re1 Bd2 18. Rd1 Bh6 19. Na4 b6 20. Re1 Qd6 21. Nxb6 Rb7 22. Nc8 Qb8 23. Qxb7 Qxb7 24. Nd6+ Ke7 25. Nxb7 Rb8 26. Ndc5 Nxc5 27. Nxc5 Rxb2 28. Nxe6 fxe6 29. Bg4 Bg7 30. Rxe6+ Kf7 31. Re2 Rb1+ 32. Re1 Rb2 33. a4 Bxd4 34. Be2 c5 35. g4 Ke6 36. Bxa6+ Kd6 37. Be2 c4 38. a5 Ra2 39. Rd1 Kc5 40. f4 Be3 41. f5 d4 42. f6 Rxa5 43. Bf3 Ra2 44. Ke1 Bf2+ 45. Kf1 Be3 46. Be2 c3 47. f7 Bh6 48. g5 Bg7 49. Bd3 Ra7 50. g6 hxg6 51. Bxg6 Ra6 52. Rg1 Rf6+ 53. Ke2 Re6+ 54. Kd3 Re3+ 55. Kc2 Re2+ 56. Kb3 Rb2+ 57. Ka3 Bf8 58. Bd3 Kb6+ 59. Ka4 Rb4+ 60. Ka3 Rb2+ 61. Ka4 Rb4+ 62. Ka3 Rb2+ 1/2-1/2


[Site "https://www.chess.com"]

[Event "Titled Tuesday Blitz August 16 Early 2022"]
[White "Ajay, Karthikeyan"]
[Black "Demin, Vladimir"]
[WhiteFideId "35011685"]
[BlackFideId "4167457"]
[WhiteElo "2168"]
[BlackElo "2503"]
[Result "1-0"]
[Round "11"]
[TimeControl "180+1"]
[Date "2022.08.16"]
[WhiteClock "0:00:07"]
[BlackClock "0:00:02"]

1. e4 Nf6 2. d3 d5 3. e5 Nfd7 4. e6 fxe6 5. g3 e5 6. Bg2 Nf6 7. Nf3 Nc6 8. O-O Bg4 9. Qe1 Bxf3 10. Bxf3 e6 11. b3 Bb4 12. Qd1 O-O 13. Bb2 Bd6 14. Nd2 Ne7 15. Bg2 c6 16. Qe2 Qc7 17. Bh3 Nf5 18. Rae1 Nd7 19. Nf3 d4 20. Ng5 Rae8 21. a3 h6 22. Ne4 Be7 23. Qh5 Kh7 24. Bc1 g6 25. Qe2 Nf6 26. Nxf6+ Bxf6 27. Bg2 Bg7 28. h4 Qf7 29. Be4 Nd6 30. Kg2 Nxe4 31. Qxe4 Qf5 32. Re2 Qxe4+ 33. Rxe4 Rf5 34. a4 Ref8 35. Ba3 R8f7 36. Bd6 Rd7 37. Bc5 b6 38. Bb4 c5 39. Bd2 Rff7 40. Rfe1 Rf5 41. R1e2 Rdf7 42. Bc1 Rd7 43. Bd2 Kg8 44. f3 Rdf7 45. Rf2 Kh7 46. g4 R5f6 47. Rxe5 Rxf3 48. Rxf3 Rxf3 49. Rxe6 Rf7 50. h5 gxh5 51. gxh5 Rf5 52. Re7 Rxh5 53. Rxa7 Rf5 54. Rb7 Rf6 55. a5 bxa5 56. Bxa5 Re6 57. Bb6 Re2+ 58. Kf3 Rxc2 59. Ke4 Rc3 60. b4 cxb4 61. Bxd4 1-0


[Site "https://www.chess.com"]

[Event "Titled Tuesday Blitz August 16 Early 2022"]
[White "Ajay Krishna, S"]
[Black "Kosteniuk, Alexandra"]
[WhiteFideId "5096430"]
[BlackFideId "4128125"]
[WhiteElo "2247"]
[BlackElo "2469"]
[Result "0-1"]
[Round "11"]
[TimeControl "180+2"]
[Date "2022.08.18"]
[WhiteClock "0:00:00"]
[BlackClock "0:00:00"]

1. Nf3 f5 2. g3 Nf6 3. Bg2 g6 4. d3 Bg7 5. O-O O-O 6. e4 d6 7. e5 Ng4 8. exd6 cxd6 9. h3 Ne5 10. Nxe5 dxe5 11. c3 Nc6 12. Na3 Be6 13. Re1 Qd7 14. f4 Rad8 15. fxe5 Qxd3 16. Qxd3 Rxd3 17. Bxc6 bxc6 18. Kf2 f4 19. gxf4 Rxh3 20. Nc2 g5 21. Nd4 Bg4 22. Rg1 h5 23. Nxc6 gxf4 24. Nxe7+ Kh7 25. Bd2 Bxe5 26. Rh1 Rxh1 27. Rxh1 Bd6 28. Nd5 Bc5+ 29. Kg2 f3+ 30. Kg3 f2 31. Bf4 Be2 32. Kg2 Rg8+ 33. Kh2 Rg1 0-1


[Site "https://www.chess.com"]

[Event "Titled Tuesday Blitz August 16 Early 2022"]
[White "Aldokhin, Ivan"]
[Black "Koridze, Lile"]
[WhiteFideId "24115720"]
[BlackFideId "13612514"]
[WhiteElo "2246"]
[BlackElo "2050"]
[Result "1-0"]
[Round "11"]
[TimeControl "180+2"]
[Date "2022.08.18"]
[WhiteClock "0:00:00"]
[BlackClock "0:00:00"]

1. e4 c5 2. Nf3 d6 3. d4 cxd4 4. Nxd4 Nf6 5. Nc3 Nc6 6. Bc4 e6 7. Bb3 a6 8. Be3 Qc7 9. Qe2 Be7 10. O-O-O O-O 11. g4 b5 12. g5 Nd7 13. Nf5 exf5 14. Nd5 Qd8 15. exf5 Bxg5 16. f4 Bh6 17. Rhg1 Kh8 18. Rg3 Nf6 19. Bb6 Qd7 20. Nxf6 gxf6 21. Qf3 Bb7 22. Bd5 Rac8 23. Rh3 Bg7 24. Qh5 h6 25. Rg1 Kh7 26. Rxg7+ Kxg7 27. Qxh6+ Kg8 28. Qh7# 1-0


[Site "https://www.chess.com"]

[Event "Titled Tuesday Blitz August 16 Early 2022"]
[White "Andreikin, Dmitry"]
[Black "Kamsky, Gata"]
[WhiteFideId "4158814"]
[BlackFideId "2000024"]
[WhiteElo "2736"]
[BlackElo "2666"]
[Result "1-0"]
[Round "11"]
[TimeControl "180+1"]
[Date "2022.08.16"]
[WhiteClock "0:00:06"]
[BlackClock "0:00:01"]

1. d4 Nf6 2. c4 e6 3. Nf3 Bb4+ 4. Nbd2 d5 5. Qa4+ Nc6 6. a3 Bd6 7. c5 Be7 8. e3 O-O 9. b4 Bd7 10. Qc2 a6 11. Bd3 b6 12. Bb2 g6 13. O-O Re8 14. Rfd1 Bf8 15. Rac1 bxc5 16. dxc5 e5 17. e4 d4 18. Bc4 Be6 19. Qa4 Bxc4 20. Nxc4 Qd7 21. Re1 Bh6 22. Rcd1 Nh5 23. Na5 Nf4 24. h3 Nxh3+ 25. gxh3 Qxh3 26. Rd3 Nxa5 27. bxa5 Qg4+ 28. Kf1 Rab8 29. Bc1 Bxc1 30. Rxc1 Qxe4 31. Qc4 Qf4 32. Nd2 Re6 33. Re1 Kg7 34. Qd5 Rb2 35. Qe4 Qh2 36. Qg2 Qf4 37. Qg3 Qh6 38. Nc4 Rc2 39. Nxe5 Qh1+ 40. Qg1 Qd5 41. Qg3 f6 42. Nf3 Rxe1+ 43. Nxe1 Rxc5 44. Qf3 Qc4 45. Kg1 Re5 46. Rd1 Rg5+ 47. Ng2 h5 48. Qd3 Qd5 49. f3 h4 50. Kf2 Qd6 51. f4 Rxa5 52. Qxd4 Qxd4+ 53. Rxd4 h3 54. Nh4 Rxa3 55. Nf3 a5 56. Rd7+ Kh6 57. Rd8 g5 58. fxg5+ fxg5 59. Rh8+ Kg7 60. Rh5 g4 61. Ne5 Kf6 62. Nxg4+ Ke6 63. Ne3 Rb3 64. Rxh3 a4 65. Rh6+ Kd7 66. Ra6 a3 67. Nc4 Rc3 68. Nxa3 c6 69. Ke2 Kc7 70. Kd2 Kb7 71. Ra4 Rh3 72. Nc4 c5 73. Kc2 Kc6 74. Ra8 Kd5 75. Nd2 Kc6 76. Rd8 Kc7 77. Rg8 Kc6 78. Rg6+ Kb5 79. Rg5 Rh2 80. Kc3 Rh3+ 81. Kc2 Rh2 82. Rg7 Rh3 83. Rf7 Rh2 84. Rf3 Rg2 85. Kc3 Rg1 86. Nb3 Rg5 87. Kc2 Rh5 88. Rf2 Rh3 89. Rf5 Kb4 90. Nd2 c4 91. Rf4 Rc3+ 92. Kd1 Kb5 93. Ke2 Kb4 94. Rf8 Rc1 95. Rb8+ Ka4 96. Ne4 c3 97. Kd3 c2 98. Nc3+ Ka5 99. Kd2 Rh1 100. Kxc2 Rh4 101. Kb3 Rh3 102. Rd8 Kb6 103. Rd6+ 1-0


[Site "https://www.chess.com"]

[Event "Titled Tuesday Blitz August 16 Early 2022"]
[White "Baches Garcia, Guillermo"]
[Black "Vlassov, Nikolai"]
[WhiteFideId "2209764"]
[BlackFideId "4103360"]
[WhiteElo "2536"]
[BlackElo "2324"]
[Result "1-0"]
[Round "11"]
[TimeControl "180+1"]
[Date "2022.08.16"]
[WhiteClock "0:01:15"]
[BlackClock "0:01:21"]

1. e4 c5 2. Nf3 d6 3. d4 cxd4 4. Nxd4 Nf6 5. Nc3 g6 6. g3 Bg7 7. Bg2 O-O 8. O-O Nc6 9. Nde2 Rb8 10. a4 a6 11. h3 b5 12. axb5 axb5 13. Nd5 Nxd5 14. exd5 Ne5 15. Ra2 Bb7 16. Nd4 Ra8 17. Rxa8 Qxa8 18. Nxb5 Rc8 19. Re1 Rc5 20. Nc3 e6 21. Be3 Rc8 22. Bd4 exd5 23. f4 Nc4 24. Bxg7 Kxg7 25. Qd4+ Kh6 26. g4 g5 27. Qf6# 1-0


[Site "https://www.chess.com"]

[Event "Titled Tuesday Blitz August 16 Early 2022"]
[White "Belov, Vladimir"]
[Black "Tologon tegin, Semetei"]
[WhiteFideId "4132394"]
[BlackFideId "13800574"]
[WhiteElo "2501"]
[BlackElo "2174"]
[Result "1-0"]
[Round "11"]
[TimeControl "180+1"]
[Date "2022.08.16"]
[WhiteClock "0:00:08"]
[BlackClock "0:00:10"]

1. e4 b6 2. d4 Bb7 3. Bd3 e6 4. Nh3 Nf6 5. Qe2 d5 6. e5 Nfd7 7. f4 c5 8. c3 Qc8 9. f5 Ba6 10. fxe6 fxe6 11. Bxa6 Qxa6 12. Qg4 b5 13. O-O cxd4 14. cxd4 Qb6 15. Ng5 Nxe5 16. Qxe6+ Qxe6 17. Nxe6 Nd3 18. Nc7+ Kd7 19. Nxa8 Nxc1 20. Rxc1 Nc6 21. Nc3 Bd6 22. Nxb5 Rxa8 23. Nxd6 Kxd6 24. Rd1 Rb8 25. b3 Rb4 26. Rac1 Rb7 27. Rc3 Re7 28. Kf2 Re4 29. Re3 Rf4+ 30. Rf3 Rh4 31. h3 Nxd4 32. Rf7 Ne6 33. Rxa7 Rf4+ 34. Ke3 Re4+ 35. Kf2 Rf4+ 36. Kg3 Re4 37. a4 Re3+ 38. Kf2 Rxb3 39. a5 Nc5 40. Rxg7 Ra3 41. Rxh7 Ne4+ 42. Kg1 Rxa5 43. h4 Nf6 44. Rf7 Ke6 45. Rf8 Ra2 46. Kh2 Ke7 47. Rb8 Ng4+ 48. Kg3 Ne3 49. Re1 d4 50. Kf3 Kf6 51. g3 Ra3 52. Ke4 Nc2 53. Rf1+ Ke7 54. g4 Re3+ 55. Kf4 d3 56. Rb3 Rh3 57. h5 Nd4 58. Rxd3 Rxd3 59. Kg5 Ne6+ 60. Kh4 Rd4 61. Re1 Kf6 62. Rf1+ Kg7 63. Re1 Nf4 64. Rf1 Ng2+ 65. Kg3 Ne3 66. Rf4 Nd5 67. Rxd4 Nf6 68. Kh4 Kf7 69. g5 Ng8 70. Rd7+ Ne7 71. g6+ Ke6 72. Rxe7+ Kxe7 73. Kg5 Kf8 74. Kf6 Kg8 75. g7 Kh7 76. Kf7 Kh6 77. g8=Q Kxh5 78. Qg3 Kh6 79. Qg6# 1-0


[Site "https://www.chess.com"]

[Event "Titled Tuesday Blitz August 16 Early 2022"]
[White "Bharath Subramaniyam H"]
[Black "Orlov, Georgi"]
[WhiteFideId "46634827"]
[BlackFideId "2011271"]
[WhiteElo "2346"]
[BlackElo "2592"]
[Result "1-0"]
[Round "11"]
[TimeControl "180+1"]
[Date "2022.08.16"]
[WhiteClock "0:00:31"]
[BlackClock "0:00:09"]

1. c4 Nc6 2. Nc3 Nf6 3. Nf3 e5 4. e3 Bb4 5. Qc2 a5 6. Nd5 d6 7. a3 Bc5 8. Be2 Nxd5 9. cxd5 Ne7 10. Nxe5 Nxd5 11. Bb5+ Kf8 12. Nf3 Qf6 13. d4 Bb6 14. e4 Nf4 15. Bxf4 Qxf4 16. h3 f5 17. e5 dxe5 18. dxe5 Be6 19. O-O Bd5 20. Be2 Ke7 21. Rad1 Rhd8 22. Qc3 Be6 23. Kh1 Rxd1 24. Rxd1 Rd8 25. Rxd8 Kxd8 26. g3 Qe4 27. Qd2+ Bd5 28. Kg1 Kc8 29. Bd1 c6 30. h4 h6 31. Kg2 Kb8 32. Kh2 Qb1 33. h5 Be4 34. Nh4 Ka7 35. Bf3 Bxf3 36. Nxf3 Qe4 37. Kg2 a4 38. Qd1 Qg4 39. e6 Bc5 40. Qe2 Qe4 41. Qxe4 fxe4 42. Nd2 Kb6 43. Nxe4 Be7 44. f4 Kb5 45. g4 Kc4 46. Kf3 Kb3 47. g5 Kxb2 48. gxh6 gxh6 49. f5 Kxa3 50. f6 Bxf6 51. Nxf6 Kb2 52. e7 a3 53. e8=Q a2 54. Qe2+ 1-0


[Site "https://www.chess.com"]

[Event "Titled Tuesday Blitz August 16 Early 2022"]
[White "Blanco Ronquillo, Humberto L."]
[Black "Kuznetsova, Olga"]
[WhiteFideId "3504239"]
[BlackFideId "4191323"]
[WhiteElo "2425"]
[BlackElo "2134"]
[Result "1-0"]
[Round "11"]
[TimeControl "180+2"]
[Date "2022.08.18"]
[WhiteClock "0:00:00"]
[BlackClock "0:00:00"]

1. e4 e5 2. Nf3 Nf6 3. Nc3 Nc6 4. d4 exd4 5. Nxd4 Nxe4 6. Nxe4 Qe7 7. Be2 Qxe4 8. Nb5 Kd8 9. O-O a6 10. Nc3 Qg6 11. Bf4 d6 12. Nd5 h5 13. b4 Bg4 14. f3 Be6 15. c4 Be7 16. b5 axb5 17. cxb5 Bxd5 18. Qxd5 Na5 19. Rac1 Qe6 20. Qd2 Kd7 21. Rfe1 Qf6 22. Be3 Rhc8 23. Bd4 Qg5 24. f4 Qh6 25. Bc3 b6 26. Bf3 Ra7 27. Bxa5 Rxa5 28. Bc6+ Kd8 29. Re4 f5 30. Re2 Qg6 31. Rce1 Qf6 32. Re6 Qf8 33. Qe2 Ra4 34. Rxe7 Re4 35. Rxe4 fxe4 36. Qxe4 Ra8 37. Qe8+ Qxe8 38. Rxe8# 1-0


[Site "https://www.chess.com"]

[Event "Titled Tuesday Blitz August 16 Early 2022"]
[White "Bortnyk, Olexandr"]
[Black "Nakamura, Hikaru"]
[WhiteFideId "14120828"]
[BlackFideId "2016192"]
[WhiteElo "2723"]
[BlackElo "2850"]
[Result "1/2-1/2"]
[Round "11"]
[TimeControl "180+1"]
[Date "2022.08.16"]
[WhiteClock "0:00:16"]
[BlackClock "0:01:05"]

1. e4 c5 2. c3 d5 3. exd5 Qxd5 4. d4 e6 5. Be3 cxd4 6. cxd4 Nf6 7. Nc3 Qd8 8. Nf3 Nc6 9. Bc4 Bb4 10. O-O Bxc3 11. bxc3 O-O 12. Ne5 Qc7 13. Nxc6 Qxc6 14. Qb3 b6 15. Bb5 Qc7 16. f3 Bb7 17. Rfe1 a6 18. Bd3 b5 19. c4 bxc4 20. Qxc4 Qd7 21. Qb3 Bd5 22. Qa3 Bc6 23. Rac1 Bb5 24. Bb1 Rfc8 25. Rxc8+ Rxc8 26. Rc1 Bc4 27. Bd3 Bxd3 28. Rxc8+ Qxc8 29. Qxd3 Nd5 30. Bd2 h5 31. g3 Qc6 32. a3 Qa4 33. Be1 Qc6 34. Bd2 Ne7 35. Kf2 Nd5 36. Kg1 1/2-1/2


[Site "https://www.chess.com"]

[Event "Titled Tuesday Blitz August 16 Early 2022"]
[White "Broca Jimenez, Fernando"]
[Black "Roman, Rodrigo"]
[WhiteFideId "5104742"]
[BlackFideId "3701220"]
[WhiteElo "2062"]
[BlackElo "2001"]
[Result "0-1"]
[Round "11"]
[TimeControl "180+2"]
[Date "2022.08.18"]
[WhiteClock "0:00:00"]
[BlackClock "0:00:00"]

1. e4 e6 2. d4 d5 3. exd5 exd5 4. Nf3 Nf6 5. Bd3 Be7 6. O-O O-O 7. c3 c6 8. Bg5 h6 9. Bh4 Bg4 10. Nbd2 Nbd7 11. Qc2 Bd6 12. Rfe1 Bb8 13. Re2 Qc7 14. Bg3 Qc8 15. Rae1 Bxg3 16. hxg3 Qc7 17. Re3 Qd6 18. Ne5 Be6 19. Ndf3 Ng4 20. Nxg4 Bxg4 21. Ne5 Be6 22. Bh7+ Kh8 23. Bf5 Nxe5 24. Rxe5 Bxf5 25. Qxf5 g6 26. Qf4 Kg7 27. Re7 Qxf4 28. gxf4 Rab8 29. Rc7 Rfc8 30. Rxc8 Rxc8 31. Re7 Rb8 32. Kf1 Kf6 33. Rc7 a5 34. Ke2 Re8+ 35. Kd3 Re7 36. Rc8 Kf5 37. Ra8 Kxf4 38. Rxa5 h5 39. Ra8 h4 40. Rh8 g5 41. a4 f5 42. b4 Re1 43. Rh7 b6 44. Rh6 Rd1+ 45. Ke2 Ra1 46. Rxc6 Rxa4 47. Rxb6 Ra2+ 48. Ke1 Ra1+ 49. Ke2 Ra2+ 50. Ke1 g4 51. Rh6 Kg5 52. Rh8 Rc2 53. Rg8+ Kf4 54. Rh8 Rc1+ 55. Kd2 Rf1 56. Ke2 Rc1 57. Rxh4 Rxc3 58. Rh8 Rb3 59. Rd8 Rb2+ 60. Kd3 Rxf2 61. Rxd5 Rxg2 62. b5 Rb2 63. Kc3 Rb1 64. Rd8 Rxb5 65. Rg8 Rb1 66. Kc4 Rc1+ 67. Kd5 Kf3 68. Ke6 f4 69. d5 g3 70. Rf8 Re1+ 71. Kf5 g2 72. Rg8 g1=Q 73. Rxg1 Rxg1 74. d6 Rd1 75. d7 Rxd7 0-1


[Site "https://www.chess.com"]

[Event "Titled Tuesday Blitz August 16 Early 2022"]
[White "Brodowski, Piotr"]
[Black "Gheorghiu, Calin"]
[WhiteFideId "1124480"]
[BlackFideId "1200305"]
[WhiteElo "2312"]
[BlackElo "2168"]
[Result "0-1"]
[Round "11"]
[TimeControl "180+1"]
[Date "2022.08.16"]
[WhiteClock "0:00:11"]
[BlackClock "0:00:49"]

1. e4 c5 2. d3 g6 3. Nc3 Bg7 4. g3 e6 5. Ke2 Ne7 6. Kf3 O-O 7. Kg2 d5 8. Qe1 a6 9. h3 b5 10. Kh2 Bb7 11. Bg2 Nd7 12. Nf3 Re8 13. e5 Qc7 14. Bf4 Nc6 15. Nxd5 exd5 16. e6 Nde5 17. d4 Nxf3+ 18. Bxf3 Nxd4 19. Bg2 Qe7 20. exf7+ Qxf7 21. Qa5 Ne2 22. Bd6 d4 23. Qb6 Bxg2 24. Kxg2 Qd5+ 25. f3 Re6 26. Qxc5 Rxd6 27. Qxd5+ Rxd5 28. Rhe1 d3 29. cxd3 Nd4 30. Rac1 Rd7 31. f4 Nf5 32. g4 Ne7 33. Re6 Nd5 34. Kf3 Rf8 35. f5 gxf5 36. g5 Re7 37. Rxe7 Nxe7 38. Rc7 Ng6 39. Ra7 Ne5+ 40. Ke2 f4 41. Rxa6 f3+ 42. Kf1 Nxd3 43. Rd6 Nxb2 44. Rb6 f2 45. Rxb5 Nc4 0-1


[Site "https://www.chess.com"]

[Event "Titled Tuesday Blitz August 16 Early 2022"]
[White "Buscar, Michael"]
[Black "Fernandez Hernandez, Gerardo"]
[WhiteFideId "2603616"]
[BlackFideId "2207400"]
[WhiteElo "2010"]
[BlackElo "2169"]
[Result "0-1"]
[Round "11"]
[TimeControl "180+2"]
[Date "2022.08.18"]
[WhiteClock "0:00:00"]
[BlackClock "0:00:00"]

1. e4 e6 2. d4 d5 3. Nc3 Nc6 4. e5 f6 5. f4 fxe5 6. fxe5 Qh4+ 7. g3 Qxd4 8. Qxd4 Nxd4 9. Bd3 c5 10. Be3 Nc6 11. Nb5 Kd7 12. Nf3 a6 13. Ng5 Nh6 14. Nd6 Nxe5 15. Nxc8 Nxd3+ 16. cxd3 Rxc8 17. O-O Be7 18. Rae1 Nf5 19. Nxe6 Nxe3 20. Rxe3 Bf6 21. Kg2 Rhe8 22. Rfe1 Kd6 23. b3 Re7 24. Nxg7 Rxe3 25. Nf5+ Kd7 26. Rxe3 Re8 27. Rxe8 Kxe8 28. Nd6+ Kd7 29. Nxb7 Kc6 30. Na5+ Kb5 31. Nb7 Be7 32. a3 Kb6 0-1


[Site "https://www.chess.com"]

[Event "Titled Tuesday Blitz August 16 Early 2022"]
[White "Ciuffoletti, Paolo"]
[Black "Lebedev, Artem S."]
[WhiteFideId "807630"]
[BlackFideId "34272747"]
[WhiteElo "2143"]
[BlackElo "1699"]
[Result "1-0"]
[Round "11"]
[TimeControl "180+2"]
[Date "2022.08.18"]
[WhiteClock "0:00:00"]
[BlackClock "0:00:00"]

1. e4 e5 2. Bc4 Bc5 3. Nf3 Nc6 4. b4 Bxb4 5. c3 Be7 6. d4 exd4 7. Qb3 Na5 8. Bxf7+ Kf8 9. Qa4 Kxf7 10. Qxa5 Nf6 11. e5 Ne4 12. Qd5+ 1-0


[Site "https://www.chess.com"]

[Event "Titled Tuesday Blitz August 16 Early 2022"]
[White "Clawitter, Craig"]
[Black "Leve, Nitai"]
[WhiteFideId "2023105"]
[BlackFideId "2006898"]
[WhiteElo "2050"]
[BlackElo "2144"]
[Result "0-1"]
[Round "11"]
[TimeControl "180+2"]
[Date "2022.08.18"]
[WhiteClock "0:00:00"]
[BlackClock "0:00:00"]

1. e4 c6 2. Nf3 d5 3. e5 c5 4. d4 Nc6 5. dxc5 Bg4 6. Bb5 e6 7. c3 Bxc5 8. Bxc6+ bxc6 9. Qa4 Bxf3 10. Qxc6+ Kf8 11. Qxc5+ Ne7 12. gxf3 Rc8 13. Qa3 h6 14. Be3 Kg8 15. Nd2 Nf5 16. Bf4 d4 17. Ne4 dxc3 18. bxc3 Qd3 19. Nd2 Nd4 20. Kd1 Rxc3 21. Qxa7 Qe2# 0-1


[Site "https://www.chess.com"]

[Event "Titled Tuesday Blitz August 16 Early 2022"]
[White "Cramling Bellon, Anna"]
[Black "Fernandez Siles, Luis"]
[WhiteFideId "32009232"]
[BlackFideId "2209420"]
[WhiteElo "1905"]
[BlackElo "2211"]
[Result "0-1"]
[Round "11"]
[TimeControl "180+2"]
[Date "2022.08.18"]
[WhiteClock "0:00:00"]
[BlackClock "0:00:00"]

1. d4 f5 2. e4 fxe4 3. Nc3 Nf6 4. Bg5 Nc6 5. d5 Ne5 6. Qd4 Nf7 7. h4 e5 8. dxe6 dxe6 9. Qxd8+ Nxd8 10. Bxf6 gxf6 11. Nxe4 Be7 12. O-O-O Nc6 13. Nf3 Bd7 14. Bb5 a6 15. Ba4 O-O-O 16. Rhe1 Rhg8 17. g3 Rg4 18. Bb3 Na5 19. Nd4 Nxb3+ 20. Nxb3 b6 21. f3 Rgg8 22. Nd4 c5 23. Ne2 Bb5 24. Nf4 Rxd1+ 25. Rxd1 f5 26. Nc3 Bd7 27. Rg1 Bd6 28. Nfe2 Bc6 29. f4 b5 30. a3 Bf3 31. Rd1 Kc7 32. Rd2 b4 33. axb4 cxb4 34. Nd1 Bc5 35. Nd4 Bd5 36. Ne2 a5 37. c3 a4 38. cxb4 Bxb4 39. Rd4 Rb8 40. Ndc3 Bb3 0-1


[Site "https://www.chess.com"]

[Event "Titled Tuesday Blitz August 16 Early 2022"]
[White "Csonka, Balazs"]
[Black "Suder, Jakub"]
[WhiteFideId "742910"]
[BlackFideId "1195310"]
[WhiteElo "2404"]
[BlackElo "2095"]
[Result "0-1"]
[Round "11"]
[TimeControl "180+1"]
[Date "2022.08.16"]
[WhiteClock "0:00:03"]
[BlackClock "0:01:03"]

1. d4 d5 2. c4 dxc4 3. Nf3 a6 4. e3 Bg4 5. Bxc4 e6 6. O-O Nc6 7. h3 Bh5 8. Nbd2 Nf6 9. b3 Bd6 10. Bb2 Qe7 11. Be2 Rd8 12. Rc1 O-O 13. Nc4 Bg6 14. Bd3 Bxd3 15. Qxd3 Qd7 16. a3 Rfe8 17. Rfd1 b5 18. Ncd2 e5 19. Qc2 e4 20. Qxc6 exf3 21. Qxd7 Nxd7 22. Nxf3 Kf8 23. Kf1 f5 24. Rc2 Nb6 25. Rc6 Ke7 26. Rdc1 Kd7 27. Ne5+ Bxe5 28. dxe5 Rc8 29. Bd4 Nd5 30. Rxa6 Ra8 31. e6+ Ke7 32. Bc5+ Kf6 33. Bd4+ Ke7 34. Rxa8 Rxa8 35. a4 bxa4 36. bxa4 Rxa4 37. Bxg7 Kxe6 38. g3 Ra2 39. Bd4 Kd6 40. Bc5+ Ke5 41. Bd4+ Ke4 42. Kg2 Kd3 43. Rc6 Ke2 44. Re6 Ke1 45. e4 fxe4 46. Rxe4+ Kd2 47. Re5 c6 48. Re6 Rc2 49. h4 c5 50. Bg7 Kd3 51. Rd6 Ke4 52. Re6+ Kd3 53. Re8 c4 54. g4 c3 55. Rd8 Ke4 56. Kg3 Rd2 57. f3+ Ke3 58. Bh6+ Kd4 59. Bxd2 cxd2 60. g5 d1=Q 61. Ra8 Qg1+ 62. Kh3 Nf4# 0-1


[Site "https://www.chess.com"]

[Event "Titled Tuesday Blitz August 16 Early 2022"]
[White "D`Arruda, Ricardo D."]
[Black "Melikyan, Gnel"]
[WhiteFideId "100692"]
[BlackFideId "54109990"]
[WhiteElo "2271"]
[BlackElo "1772"]
[Result "1-0"]
[Round "11"]
[TimeControl "180+2"]
[Date "2022.08.18"]
[WhiteClock "0:00:00"]
[BlackClock "0:00:00"]

1. d4 Nf6 2. Nf3 c5 3. d5 g6 4. Nc3 Bg7 5. e4 O-O 6. Be2 a6 7. O-O b5 8. e5 Ne8 9. Bf4 d6 10. Ne4 Bf5 11. Ng3 Bg4 12. Re1 Nd7 13. e6 fxe6 14. Ng5 Bxe2 15. Qxe2 Nc7 16. Nxe6 Nxe6 17. Qxe6+ Kh8 18. Bg5 Nf6 19. Re2 Qc8 20. Rd1 h6 21. Bc1 Qxe6 22. Rxe6 Ng8 23. Rxg6 Bd4 24. Ne4 Rf5 25. c3 Bg7 26. f3 Raf8 27. h4 Kh7 28. Rg4 Nf6 29. Nxf6+ exf6 30. Re4 Re5 31. Bf4 Rxe4 32. fxe4 Rd8 33. Kf2 Kg6 34. g4 h5 35. Kf3 hxg4+ 36. Kxg4 Kf7 37. Kf5 Rh8 38. Bxd6 Rxh4 39. Bg3 Rh5+ 40. Kg4 Rg5+ 41. Kf3 Ke7 42. Rh1 c4 43. Rh7 Kf7 44. d6 f5 45. e5 Kg6 46. e6 Kxh7 47. e7 f4 48. Bxf4 Rf5 49. e8=Q 1-0


[Site "https://www.chess.com"]

[Event "Titled Tuesday Blitz August 16 Early 2022"]
[White "De La Colina, Nicolas"]
[Black "Prydun, Andriy"]
[WhiteFideId "30946921"]
[BlackFideId "14145898"]
[WhiteElo "2046"]
[BlackElo "2163"]
[Result "1-0"]
[Round "11"]
[TimeControl "180+2"]
[Date "2022.08.18"]
[WhiteClock "0:00:00"]
[BlackClock "0:00:00"]

1. e4 d5 2. exd5 Qxd5 3. Nf3 c5 4. c3 Nc6 5. d4 Bg4 6. dxc5 Qxc5 7. Na3 Rd8 8. Qa4 Bxf3 9. gxf3 Nf6 10. Be3 Qe5 11. Bb5 Qd5 12. Bxa7 Qxf3 13. Rg1 g6 14. Nc4 Bh6 15. Ne5 Bd2+ 16. Kf1 Qh3+ 17. Rg2 O-O 18. Bxc6 bxc6 19. Nxc6 Rd7 20. Bc5 Bf4 21. Qxf4 Qd3+ 22. Ke1 Qd5 23. Nxe7+ Rxe7+ 24. Bxe7 Nh5 25. Qg5 Qe4+ 26. Kf1 h6 27. Qxh5 Re8 28. Qg4 Qxe7 29. Rg3 h5 30. Qf4 h4 31. Re3 1-0


[Site "https://www.chess.com"]